 Dungeon Crawl Stone Soup version 0.30-a0-373-gd37427bb62 (webtiles) character file.

Game seed: 3437910509935056347

28 greenreed the Grave Robber (level 3, -2/31 HPs)
             Began as an Ogre Necromancer on Nov 24, 2022.
             Succumbed to an adder's poison
             ... on level 2 of the Dungeon.
             The game lasted 00:02:23 (831 turns).

greenreed the Grave Robber (Ogre Necromancer)        Turns: 831, Time: 00:02:24

Health: -2/31      AC:  3    Str: 12    XL:     3   Next: 14%
Magic:  2/7        EV:  9    Int: 18    God:
Gold:   13         SH:  0    Dex:  9    Spells: 7/8 levels left

rFire   . . .      SeeInvis .    d - staff of conjuration
rCold   . . .      Faith    .    (no shield)
rNeg    . . .      Spirit   .    a - +0 robe
rPois   .          Reflect  .    (helmet restricted)
rElec   .          Harm     .    (no cloak)
rCorr   .          Rampage  .    (gloves unavailable)
Will    .....                    (boots unavailable)
Stlth   +.........               (no amulet)
HPRegen 0.25/turn                (no ring)
MPRegen 0.10/turn                (no ring)

@: lethally poisoned (-2 -> -10)
A: large, unfitting armour, tough skin 1
a: no special abilities


You were on level 2 of the Dungeon.
You visited 1 branch of the dungeon, and saw 2 of its levels.

You collected 13 gold pieces.

Inventory:

Armour
 a - a +0 robe (worn)
Magical Staves
 d - a staff of conjuration (weapon)
Jewellery
 g - a ring of fire
 h - a ring of fire
Scrolls
 e - a scroll of enchant armour {unknown}
 k - a scroll of enchant weapon {unknown}
Potions
 b - a potion of magic
 c - a potion of flight {unknown}
 f - a potion of berserk rage {unknown}
 i - a potion of cancellation {unknown}
 j - a potion of haste {unknown}


   Skills:
 + Level 1.7 Dodging
 + Level 1.4 Stealth
 * Level 3.2 Spellcasting
 * Level 4.1 Necromancy


You had 7 spell levels left.
You knew the following spells:

 Your Spells              Type           Power      Damage    Failure   Level
a - Necrotise             Necr           68%        1d7       3%          1

Your spell library contained the following spells:

 Spells                   Type           Power      Damage    Failure   Level
 Vampiric Draining        Necr           17%        2d7       9%          3
 Shock                    Conj/Air       16%        1d4       16%         1
 Animate Dead             Necr           17%        N/A       28%         4
 Agony                    Necr           17%        N/A       63%         5


Dungeon Overview and Level Annotations

Branches:
Dungeon (1/15)

Altars:

Annotations:
D:2 Robin


Innate Abilities, Weirdness & Mutations

You are too large for most types of armour.
You have tough skin. (AC +1)


Message History

You kill the goblin!
The hobgoblin no longer looks unusually strong.
The adder bites you.
You closely miss the adder. The adder bites you.
You barely miss the adder. The adder barely misses you. The adder bites you.
You are poisoned.
The adder poisons you!
You barely miss the adder.
You feel sick. The adder bites you. The adder closely misses you.
You are too injured to fight recklessly!
Casting: Necrotise (safe; 3% risk of failure)
Confirm with . or Enter, or press ? or * to list all spells.
Aiming: Necrotise (safe; 3% risk of failure)
Press: ? - help, Shift-Dir - straight line, f - adder
Aim: an adder (chance to affect: 81%)
Okay, then.
You barely miss the adder.
You feel sick. The adder bites you but does no damage.
You barely miss the adder.
You feel sick. The adder bites you.
* * * LOW HITPOINT WARNING * * *
You are more poisoned.
The adder poisons you! The adder bites you but does no damage.
You hit the adder.
The adder is heavily wounded.
You feel sick. The adder barely misses you.
You hit the adder but do no damage.
The adder is heavily wounded.
You feel sick. The adder barely misses you. x2
You barely miss the adder.
The adder is heavily wounded.
You feel sick. The adder bites you.
* * * LOW HITPOINT WARNING * * *
You are more poisoned.
The adder poisons you!
Casting: Necrotise (safe; 3% risk of failure)
Confirm with . or Enter, or press ? or * to list all spells.
You don't know that spell.
You barely miss the adder.
The adder is heavily wounded.
You die...

#######.## ###.###
#.....# #.....#
#.....######## ♣.
♣............# #.
###.#........# #..
#.#........# #..
#@#........# #...
#S#........#
#...###g#........#
#.....gg#........#
#.....#.###........#
#.##. #g# ##########
#


ggr ##..g #.... You could see an adder, 2 hobgoblins and a goblin.

Vanquished Creatures
  2 endoplasms
  3 giant cockroaches
  3 goblins (D:2)
  3 hobgoblins
  4 kobolds (D:1)
  A quokka (D:1)
  3 ball pythons (D:1)
  2 bats (D:1)
  A rat (D:1)
22 creatures vanquished.

Vanquished Creatures (collateral kills)
  A goblin (D:2)
  A quokka (D:1)
2 creatures vanquished.

Grand Total: 24 creatures vanquished

Notes
Turn   | Place    | Note
-------+----------+-------------------------------------------
     0 | D:1      | greenreed the Ogre Necromancer began the quest for the Orb.
     0 | D:1      | Reached XP level 1. HP: 16/16 MP: 3/3
   285 | D:1      | Found a faded altar of an unknown god.
   290 | D:1      | Reached XP level 2. HP: 24/24 MP: 3/5
   297 | D:1      | Got Plato's Vellum of a Hundred Friars
   355 | D:1      | Reached skill level 4 in Necromancy
   661 | D:1      | You fall into a shaft and drop 1 floor!
   804 | D:2      | Noticed Robin
   809 | D:2      | Reached XP level 3. HP: 31/31 MP: 0/7
   830 | D:2      | HP: 1/31 [adder (4)]
   831 | D:2      | Succumbed to an adder's poison

Illustrated notes

Levels and vault maps discovered:
D:1:      kilobyte_arrival_exit_the_forest, layout_rooms,
          shapermc_ecumenical_altar_rom_forum
D:2:      layout_basic, serial_shops, nicolae_shop_trees, basic_altar,
          minmay_quantized, uniq_robin

Skill      XL: |  1  2 |
---------------+-------+-----
Necromancy     | 4 |  4.1
Spellcasting   | 3 |  3.2
Dodging        | |  1.7
Stealth        | |  1.4

Action                   || total
-------------------------++-------
Melee: Staff             ||    29
 Cast: Necrotise         ||    37
Armor: Robe              ||    14
Dodge: Dodged            ||    23

Table legend: (Time is in decaauts)
 A = Elapsed time spent in this place.
 B = Non-inter-level travel time spent in this place.
 C = Inter-level travel time spent in this place.
 D = Time resting spent in this place.
 E = Time spent auto-exploring this place.
 F = Levels seen in this place.
 G = Mean time per level.
                   A        B        C        D        E       F      G
               +--------+--------+--------+--------+--------+-----+--------+
         Total |    837 |    837 |      0 |      0 |    699 |   2 |  418.5 |
       Dungeon |    837 |    837 |      0 |      0 |    699 |   2 |  418.5 |
               +--------+--------+--------+--------+--------+-----+--------+

Top non-repeatable levels by time:
     D:1: 663 daAuts
     D:2: 173 daAuts
